 Dungeon Crawl Stone Soup version 0.30-a0-457-g4b7bca3bfa (webtiles) character file.

Game seed: 18319569101912891713

15660 Pooter the Cleaver (level 12, -11/108 HPs)
             Began as a Minotaur Berserker on Dec 13, 2022.
             Was a Priest of Trog.
             Mangled by cforsyth's ghost (14 damage)
             ... on level 1 of the Orcish Mines.
             The game lasted 01:05:51 (10388 turns).

Pooter the Cleaver (Minotaur Berserker)            Turns: 10388, Time: 01:05:52

Health: -11/108    AC: 18    Str: 32    XL:     12   Next: 3%
Magic:  2/2        EV: 12    Int:  8    God:    Trog [***...]
Gold:   505        SH:  0    Dex: 18    Spells: 11/11 levels left

rFire   + + .      SeeInvis .    a - +5 war axe "Ilufret" {venom, Will- Int+2 Dex+7}
rCold   x . .      Faith    .    (no shield)
rNeg    . . .      Spirit   .    D - +8 ring mail of Wamiacs {rPois rF+ MP-9 Int+4}
rPois   +          Reflect  .    S - +2 hat
rElec   .          Harm     .    (no cloak)
rCorr   +          Rampage  .    g - +0 pair of gloves
Will    .....                    k - +1 pair of boots "Buapt" {Will+ Regen+ rCorr Int-2}
Stlth   +.........               (no amulet)
HPRegen 1.18/turn                u - +6 ring of strength
MPRegen 0.08/turn                B - ring of fire

@: on berserk cooldown, slowed, very slow
A: horns 2, retaliatory headbutt
a: Renounce Religion, Berserk, Trog's Hand


You were on level 1 of the Orcish Mines.
You worshipped Trog.
Trog was most pleased with you.
You visited 2 branches of the dungeon, and saw 11 of its levels.

You collected 846 gold pieces.
You spent 341 gold pieces at shops.

Inventory:

Hand Weapons
 a - the +5 war axe "Ilufret" (weapon) {venom, Will- Int+2 Dex+7}
   (You found it on level 9 of the Dungeon)

   It poisons the flesh of those it strikes.
   Int:       It affects your intelligence (+2).
   Dex:       It affects your dexterity (+7).
   Will:      It decreases your willpower.
 b - a +0 arbalest
   (You took it off an orc warrior on level 1 of the Orcish Mines)
 n - a +2 sling of flaming
   (You bought it in a shop on level 7 of the Dungeon)
 I - a +3 war axe
   (You found it on level 1 of the Dungeon)
 L - a +0 halberd of draining
   (You took it off Maggie on level 7 of the Dungeon)
 V - a +2 war axe of electrocution
   (You took it off an orc on level 6 of the Dungeon)
 W - a +1 trident of protection
   (You took it off an orc on level 10 of the Dungeon)
Missiles
 w - 18 poisoned darts
 C - 7 javelins (quivered)
 M - 4 atropa-tipped darts
 Q - 97 stones
 T - 3 silver boomerangs
 Z - 8 boomerangs
Armour
 d - a +0 buckler
   (You found it on level 1 of the Dungeon)
 g - a +0 pair of gloves (worn)
   (You found it on level 1 of the Dungeon)
 k - the +1 pair of boots "Buapt" (worn) {Will+ Regen+ rCorr Int-2}
   (You acquired it on level 7 of the Dungeon)

   Int:       It affects your intelligence (-2).
   Regen:     It increases your rate of health regeneration.
   rCorr:     It protects you from acid and corrosion.
   Will:      It increases your willpower.
 l - a +0 plate armour
   (You took it off an orc warrior on level 6 of the Dungeon)
 D - the +8 ring mail of Wamiacs (worn) {rPois rF+ MP-9 Int+4}
   (You found it on level 5 of the Dungeon)

   Int:       It affects your intelligence (+4).
   rF:        It protects you from fire.
   rPois:     It protects you from poison.
   MP:        It affects your magic capacity (-9).
 S - a +2 hat (worn)
   (You found it on level 8 of the Dungeon)
Jewellery
 e - a ring of ice
   (You took it off Fannar on level 1 of the Orcish Mines)
 u - a +6 ring of strength (left hand)
   (You found it on level 10 of the Dungeon)
 v - a +4 ring of protection
   (You found it on level 3 of the Dungeon)
 B - a ring of fire (right hand)
   (You found it on level 4 of the Dungeon)
 F - a ring of willpower
   (You found it on level 5 of the Dungeon)
 J - a ring of flight
   (You found it on level 6 of the Dungeon)
 O - a +4 ring of evasion
   (You took it off an orc wizard on level 7 of the Dungeon)
 Y - a +6 ring of dexterity
   (You found it on level 10 of the Dungeon)
Wands
 f - a wand of flame (16)
   (You found it on level 7 of the Dungeon)
 o - a wand of roots (2)
   (You found it on level 8 of the Dungeon)
 E - a wand of mindburst (3)
   (You took it off Ijyb on level 5 of the Dungeon)
 N - a wand of polymorph (2)
   (You bought it in a shop on level 7 of the Dungeon)
Scrolls
 h - a scroll of enchant armour
 i - 2 scrolls of fear
 j - 2 scrolls of noise {!r}
 s - 2 scrolls of magic mapping
 t - 2 scrolls of teleportation {@r4}
 x - 2 scrolls of vulnerability {!r}
 y - a scroll of poison
 A - a scroll of butterflies
 H - a scroll of blinking
 K - a scroll of silence
Potions
 c - 3 potions of lignification {!q}
 m - a potion of cancellation {unknown}
 p - 4 potions of heal wounds {@q2}
 q - 2 potions of curing {@q1}
 r - 3 potions of resistance
 G - 3 potions of flight
 P - a potion of degeneration {unknown}
 R - a potion of magic {unknown}
 U - a potion of ambrosia {unknown}


   Skills:
 + Level 10.6 Fighting
 * Level 14.1 Axes
 * Level 12.5 Ranged Weapons
 - Level 2.4 Armour
 - Level 2.1 Dodging
 + Level 6.6 Evocations


You had 11 spell levels left.
You didn't know any spells.
Your spell library was empty.

Dungeon Overview and Level Annotations

Branches:
Dungeon (10/15)            Temple (0/1) D:7            Lair (0/5) D:10
    Orc (1/2) D:10

Altars:
Gozag
Nemelex Xobeh
Vehumet
Wu Jian

Shops:
D:7 *!((

Portals:
Trove: D:10 (give +6 demon blade)

Annotations:
Orc:1 cforsyth's ghost, journeyman MiBe


Innate Abilities, Weirdness & Mutations

You have a pair of horns on your head.
You reflexively headbutt those who attack you in melee.


Message History

Cforsyth's ghost hits you but does no damage.
You hit cforsyth's ghost but do no damage.
Cforsyth's ghost hits you.
You hit cforsyth's ghost but do no damage.
You headbutt cforsyth's ghost, but do no damage.
Cforsyth's ghost hits you! Cforsyth's ghost burns you.
You hit cforsyth's ghost but do no damage.
Your skin stops crawling.
You feel less strong-willed. Cforsyth's ghost barely misses you.
Cforsyth's ghost hits you!
You closely miss cforsyth's ghost. Your headbutt misses cforsyth's ghost.
Cforsyth's ghost hits you.
You slash cforsyth's ghost!
You headbutt cforsyth's ghost, but do no damage.
Cforsyth's ghost hits you.
You completely miss cforsyth's ghost. Cforsyth's ghost hits you!
You hit cforsyth's ghost but do no damage.
Cforsyth's ghost hits you!
* * * LOW HITPOINT WARNING * * *
Cforsyth's ghost burns you.
* * * LOW HITPOINT WARNING * * *
You hit cforsyth's ghost but do no damage.
Cforsyth's ghost hits you but does no damage.
Cforsyth's ghost hits you!
* * * LOW HITPOINT WARNING * * *
You hit cforsyth's ghost but do no damage.
Cforsyth's ghost hits you.
* * * LOW HITPOINT WARNING * * *
You closely miss cforsyth's ghost. Cforsyth's ghost hits you!!
* * * LOW HITPOINT WARNING * * *
Cforsyth's ghost burns you.
* * * LOW HITPOINT WARNING * * *
Okay, then.
You hit cforsyth's ghost but do no damage.
Cforsyth's ghost hits you!
* * * LOW HITPOINT WARNING * * *
Cforsyth's ghost burns you.
* * * LOW HITPOINT WARNING * * *
You hit cforsyth's ghost but do no damage.
Cforsyth's ghost misses you.
You hit cforsyth's ghost but do no damage.
Your headbutt misses cforsyth's ghost.
Cforsyth's ghost says very slowly, "There's no hope."
Cforsyth's ghost hits you but does no damage.
Cforsyth's ghost shouts, "Death is your only future!"
Cforsyth's ghost hits you!
* * * LOW HITPOINT WARNING * * *
Cforsyth's ghost burns you.
* * * LOW HITPOINT WARNING * * *
You slash cforsyth's ghost! Cforsyth's ghost hits you!
You die...

.............)).#............##
......##.........###..#.....#.##
...........#......#.......#....#
..............................##
..#.......##................###
..#..##...#######......#....#
.....###..#.8..(#.......##.##
..#.## ##.#.$...#........###
...## ###.$.?W@..#....## ....#
#(....'......## )#.##
#..(..'....### )### #(...(#...##
## #.....#..## .# ########## ##
#


You could see cforsyth's ghost.

Vanquished Creatures
  Gastronok (D:8)
  An orc warlord (Orc:1)
  Fannar (Orc:1)
  A boulder beetle (D:9)
  3 two-headed ogres
  Pikel (D:9)
  An orc sorcerer (Orc:1)
  A cyclops (D:6)
  Maggie (D:7)
  3 trolls
  A spriggan (D:8)
  A wraith (D:10)
  12 yaks
  A human (D:7)
  3 wyverns
  4 hogs (D:7)
  A steam dragon (D:9)
  Menkaure (D:6)
  2 water moccasins (D:6)
  3 sky beasts
  2 ice beasts
  A black bear (D:7)
  15 orc warriors
  6 ogres
  4 centaurs
  A lemure (D:9)
  2 kobold brigands
  A bullfrog (D:7)
  4 necrophages
  3 scorpions
  A wight (D:9)
  12 killer bees
  5 howler monkeys
  2 hounds (D:4)
  4 jellies
  8 orc priests
  2 iguanas
  Ijyb (D:5)
  20 orc wizards
  7 gnolls (D:3)
  4 adders
  3 ufetubi
  2 worms
  A dart slug (D:1)
  61 orcs
  16 endoplasms
  2 giant cockroaches
  9 goblins
  5 hobgoblins
  20 kobolds
  7 quokkas
  11 ball pythons
  6 bats
  A frilled lizard (D:1)
  5 rats
297 creatures vanquished.

Vanquished Creatures (others)
  2 fungi (D:2)
  9 toadstools (D:2)
11 creatures vanquished.

Grand Total: 308 creatures vanquished

Notes
Turn   | Place    | Note
-------+----------+-------------------------------------------
     0 | D:1      | Pooter the Minotaur Berserker began the quest for the Orb.
     0 | D:1      | Reached XP level 1. HP: 19/19 MP: 0/0
   137 | D:1      | Reached XP level 2. HP: 22/27 MP: 1/1
   373 | D:1      | Reached skill level 4 in Axes
  1138 | D:2      | Reached skill level 1 in Ranged Weapons
  1200 | D:2      | Reached XP level 3. HP: 34/34 MP: 2/2
  1319 | D:2      | Reached ** piety under Trog
  1564 | D:2      | Reached XP level 4. HP: 41/41 MP: 3/3
  1703 | D:2      | Reached skill level 5 in Axes
  1707 | D:2      | Reached XP level 5. HP: 46/47 MP: 4/4
  1855 | D:3      | Reached skill level 5 in Fighting
  2379 | D:3      | Reached XP level 6. HP: 56/56 MP: 3/5
  2716 | D:3      | Reached skill level 6 in Axes
  3068 | D:4      | Reached *** piety under Trog
  3511 | D:5      | Entered Level 5 of the Dungeon
  3568 | D:5      | Found an opulent altar of Gozag.
  3568 | D:5      | Found a radiant altar of Vehumet.
  3571 | D:5      | Identified the +8 ring mail of Wamiacs {rPois rF+ MP-9
                  | Int+4}
  3670 | D:5      | Noticed an ice beast
  3672 | D:5      | Noticed Ijyb
  3678 | D:5      | Killed Ijyb
  3679 | D:5      | Reached XP level 7. HP: 61/61 MP: 0/6
  3680 | D:5      | Reached skill level 5 in Ranged Weapons
  3734 | D:5      | Reached skill level 7 in Axes
  3930 | D:5      | Found an ornate altar of the Wu Jian Council.
  3935 | D:5      | Found a sparkling altar of Nemelex Xobeh.
  4365 | D:6      | Reached skill level 1 in Evocations
  4689 | D:6      | Noticed Menkaure
  4695 | D:6      | Killed Menkaure
  4696 | D:6      | Reached XP level 8. HP: 71/71 MP: 0/7
  4774 | D:6      | Reached skill level 8 in Axes
  5331 | D:7      | Noticed Maggie
  5337 | D:7      | Noticed a cyclops
  5393 | D:6      | Killed a cyclops
  5394 | D:6      | Reached skill level 9 in Axes
  5437 | D:6      | Reached XP level 9. HP: 79/79 MP: 0/8
  5658 | D:7      | Killed Maggie
  5753 | D:7      | Identified the +1 chain mail of Eqiypp {Int+3}
  5832 | D:7      | Reached skill level 10 in Axes
  5862 | D:7      | Found Eblet's Distillery.
  5863 | D:7      | Found Jaec's General Store.
  5863 | D:7      | Found Nisaimot's Antique Weapon Emporium.
  5863 | D:7      | Found Qoshuh's Antique Weapon Emporium.
  5869 | D:7      | Bought a potion of heal wounds for 70 gold pieces
  5872 | D:7      | Bought a runed sling for 135 gold pieces
  5888 | D:7      | Bought 4 atropa-tipped darts for 28 gold pieces
  5888 | D:7      | Bought a scroll of identify for 24 gold pieces
  5888 | D:7      | Bought a wand of polymorph (5) for 84 gold pieces
  5944 | D:7      | Found a staircase to the Ecumenical Temple.
  6026 | D:7      | Identified a scroll of acquirement
  6026 | D:7      | Acquired the +1 pair of boots "Buapt" {Will+ Regen+ rCorr
                  | Int-2}
  6951 | D:7      | Reached XP level 10. HP: 88/88 MP: 0/9
  7015 | D:8      | Reached skill level 11 in Axes
  7393 | D:8      | Noticed Gastronok
  7405 | D:8      | Killed Gastronok
  7567 | D:8      | Reached skill level 10 in Ranged Weapons
  7619 | D:8      | Reached skill level 5 in Evocations
  7626 | D:8      | Reached skill level 12 in Axes
  8338 | D:9      | Noticed a two-headed ogre
  8406 | D:9      | Reached XP level 11. HP: 97/97 MP: 1/10
  8460 | D:9      | Killed a two-headed ogre
  8709 | D:9      | Noticed a boulder beetle
  8731 | D:9      | Killed a boulder beetle
  8750 | D:9      | Identified the +5 war axe "Ilufret" {venom, Will- Int+2
                  | Dex+7}
  9105 | D:9      | Noticed Pikel
  9110 | D:9      | Killed Pikel
  9111 | D:9      | Reached skill level 13 in Axes
  9291 | D:9      | Noticed a two-headed ogre
  9296 | D:9      | Killed a two-headed ogre
  9417 | D:10     | Entered Level 10 of the Dungeon
  9480 | D:10     | Reached skill level 10 in Fighting
  9566 | D:10     | Noticed a two-headed ogre
  9579 | D:10     | Killed a two-headed ogre
  9621 | D:10     | Found a portal to a secret trove of treasure.
  9667 | D:10     | Found a staircase to the Lair.
  9692 | D:10     | Found a staircase to the Orcish Mines.
  9747 | Orc:1    | Entered Level 1 of the Orcish Mines
  9969 | Orc:1    | Noticed Fannar
  9984 | Orc:1    | Killed Fannar
 10241 | Orc:1    | Noticed an orc warlord
 10249 | Orc:1    | Noticed an orc sorcerer
 10258 | Orc:1    | Killed an orc warlord
 10259 | Orc:1    | Reached skill level 14 in Axes
 10261 | Orc:1    | Killed an orc sorcerer
 10262 | Orc:1    | Reached XP level 12. HP: 108/108 MP: 2/11
 10272 | Orc:1    | Reached **** piety under Trog
 10346 | Orc:1    | Found a runed translucent gate.
 10346 | Orc:1    | Found a runed translucent gate.
 10346 | Orc:1    | Found a runed translucent gate.
 10351 | Orc:1    | Noticed cforsyth's ghost (journeyman MiBe)
 10387 | Orc:1    | HP: 4/108 [cforsyth's ghost (14)]
 10388 | Orc:1    | Mangled by cforsyth's ghost

Illustrated notes

Levels and vault maps discovered:
D:1:      lightli_arrival_noodles, layout_basic, reono_crystal_passage
D:2:      cheibrodos_fertilizer, layout_rooms, minmay_misc_feat_tiny
D:3:      layout_basic, serial_glass, glass_columns_a, glass_columns_c
D:4:      layout_basic, hangedman_decor_peaks_small
D:5:      layout_rooms, mainiacjoe_overflow_divided_tiny,
          mainiacjoe_overflow_catwalk_spiral, uniq_ijyb
D:6:      layout_layer_cave, st_stairs_8, uniq_menkaure
D:7:      minmay_spotlight, layout_basic, minmay_temple_entry_ruins,
          minmay_shop_grid_forest, wad_floor_pattern_untrapped, grunt_livestock,
          minmay_starry_boxes, uniq_maggie
D:8:      layout_basic, the_hattery, uniq_gastronok
D:9:      layout_loops_ring, minmay_chambers_of_fives, uniq_pikel
D:10:     minmay_quarter_circles, layout_irregular_city, gammafunk_ghost_grave,
          nicolae_trove_entry_crossroad, minmay_misc_feat_hallway,
          hangedman_decor_slide_cut
Orc:1:    layout_caves, ebering_ghost_rock_garden, basic_altar, special_room
          [special_room_bee], uniq_fannar

Skill      XL: |  1  2  3  4  5  6  7  8  9 10 11 |
---------------+----------------------------------+-----
Fighting       | 4 5 6 7 8 9 10 | 10.6
Axes           | 4 5 6 7 9 10 12 14 | 14.1
Ranged Weapons | 1 2 3 4 6 7 9 10 12 | 12.5
Evocations     | 1 3 4 5 6 |  6.6
Armour         | |  2.4
Dodging        | |  2.1

Action                   |  1- 3 |  4- 6 |  7- 9 | 10-12 || total
-------------------------+-------+-------+-------+-------++-------
Melee: Hand axe          |    15 |       |       |       ||    15
       Headbutt          |     6 |    11 |    19 |    56 ||    92
       War axe           |    31 |   106 |   115 |   245 ||   497
       Punch             |       |       |       |     1 ||     1
 Fire: Sling             |    55 |    77 |    51 |    59 ||   242
       Arbalest          |       |       |       |     4 ||     4
Throw: Stone             |       |     1 |       |       ||     1
       Dart              |       |     3 |       |       ||     3
       Javelin           |       |       |    17 |    36 ||    53
Invok: Berserk           |     2 |     3 |    10 |    16 ||    31
       Trog's Hand       |       |     2 |     9 |    14 ||    25
Evoke: Wand              |       |       |     3 |    10 ||    13
  Use: Scroll            |     1 |     6 |    15 |     4 ||    26
       Potion            |       |       |     1 |       ||     1
Armor: Animal skin       |     3 |       |       |       ||     3
       Chain mail        |    18 |    92 |       |       ||   110
       Ring mail         |       |     8 |    93 |   121 ||   222
Dodge: Dodged            |    34 |    48 |    85 |   142 ||   309
Block: Buckler           |     7 |     6 |    22 |    35 ||    70

Table legend: (Time is in decaauts)
 A = Elapsed time spent in this place.
 B = Non-inter-level travel time spent in this place.
 C = Inter-level travel time spent in this place.
 D = Time resting spent in this place.
 E = Time spent auto-exploring this place.
 F = Levels seen in this place.
 G = Mean time per level.
                   A        B        C        D        E       F      G
               +--------+--------+--------+--------+--------+-----+--------+
         Total |  10817 |  10508 |    309 |   2226 |   6195 |  11 |  983.4 |
       Dungeon |  10384 |  10075 |    309 |   2061 |   6123 |  10 | 1038.4 |
  Orcish Mines |    432 |    432 |      0 |    164 |     72 |   1 |  432.0 |
               +--------+--------+--------+--------+--------+-----+--------+

Top non-repeatable levels by time:
     D:6: 1635 daAuts
     D:8: 1459 daAuts
     D:7: 1349 daAuts
     D:1: 1154 daAuts
     D:3: 1127 daAuts
     D:9: 1100 daAuts
     D:2: 700 daAuts
     D:4: 648 daAuts
     D:5: 618 daAuts
    D:10: 590 daAuts
   Orc:1: 432 daAuts
